 Dungeon Crawl Stone Soup version 0.24.0-1-gfbc8707 (webtiles) character file.

Game seed: 5749740213102319348, levelgen mode: deterministic

692 AmazingTV the Chopper (level 7, -5/55 HPs)
             Began as a Demonspawn Berserker on Nov 18, 2019.
             Was a Priest of Trog.
             Killed from afar by Ijyb (19 damage)
             ... with a bolt of acid
             ... on level 4 of the Dungeon.
             The game lasted 00:59:03 (3244 turns).

AmazingTV the Chopper (Demonspawn Berserker)        Turns: 3244, Time: 00:59:03

Health: -5/55      AC:  1    Str: 20    XL:     7   Next: 36%
Magic:  0/7        EV: 12    Int:  8    God:    Trog [***...]
Gold:   124        SH:  0    Dex: 12    Spells: 6/6 levels left

rFire    . . .     SeeInvis .   E - +3 short sword
rCold    . . .     Gourm    .   (no shield)
rNeg     . . .     Faith    .   v - +0 ring mail
rPois    .         Spirit   +   (helmet restricted)
rElec    .         Reflect  .   (no cloak)
rCorr    .         Harm     .   (no gloves)
MR       ++...                  (no boots)
Stlth    +++.......             (no amulet)
HPRegen  1.18/turn              (no ring)
MPRegen  0.20/turn              (no ring)

@: corroded, regenerating
A: antennae 1, nightstalker 1, magic shield, magic regeneration, sturdy frame 1
a: Berserk, Trog's Hand, Renounce Religion


You were on level 4 of the Dungeon.
You worshipped Trog.
Trog was most pleased with you.
You were hungry.

You visited 1 branch of the dungeon, and saw 4 of its levels.

You collected 124 gold pieces.

Inventory:

Hand Weapons
 a - a +0 hand axe
 g - a +0 dagger
 h - a +0 short sword
 s - a +0 short sword
 t - a +0 hunting sling
 u - a +0 trident
 x - a +2 trident of flaming
 B - a +0 dagger
 E - a +3 short sword (weapon)
 H - a +0 scythe of protection
 M - a +0 mace
Missiles
 l - 74 bolts
 z - 91 stones (quivered)
Armour
 b - a +0 animal skin
 i - a +0 robe
 v - a +0 ring mail (worn)
 y - a +0 animal skin
 D - a +0 chain mail
 F - a +0 leather armour
 I - a +0 robe
 J - a +0 ring mail
Jewellery
 o - a cursed -2 ring of strength {unknown}
Scrolls
 d - a scroll of fear {unknown}
 f - 2 scrolls of fog {unknown}
 k - 3 scrolls of teleportation
 p - a scroll of identify
 q - a scroll of amnesia {unknown}
 r - a scroll of blinking {unknown}
Potions
 e - a potion of heal wounds {unknown}
 j - a potion of haste {unknown}
 m - a potion of agility {unknown}
 n - a potion of berserk rage {unknown}
 w - a potion of lignification {unknown}
 A - 2 potions of invisibility {unknown}
 C - 2 potions of degeneration {unknown}
 G - a potion of ambrosia {unknown}
 K - 2 potions of curing {unknown}
 L - a potion of might {unknown}
Comestibles
 c - 4 rations


   Skills:
 + Level 4.5 Fighting
 + Level 1.5 Short Blades
 + Level 4.5(4.8) Axes
 * Level 2.0(3.6) Polearms
 + Level 2.9 Armour
 + Level 3.1 Dodging
 * Level 2.8 Stealth


You had 6 spell levels left.
You didn't know any spells.
Your spell library was empty.

Dungeon Overview and Level Annotations

Branches:
Dungeon (4/15)             Temple (0/1) D:4

Altars:
Cheibriados

Portals:
Sewer: D:4

Annotations:
D:3 catcat's ghost, amateur HOFi
D:4 Ijyb


Innate Abilities, Weirdness & Mutations

You have a pair of small antennae on your head.
You are slightly more attuned to the shadows.
When hurt, damage is shared between your health and your magic reserves.
You regenerate magic rapidly.
Your movements are slightly less encumbered by armour. (ER -2)


Message History

Your skin crawls.
You feel resistant to hostile enchantments.
You feel quite a bit more hungry.
Ijyb zaps a wand.
The bolt of acid hits you! The acid corrodes you!
You are splashed with acid!
You hit Ijyb but do no damage.
Ijyb is lightly wounded.
Ijyb closely misses you.
You closely miss Ijyb.
Ijyb is lightly wounded.
Ijyb barely misses you.
You hit Ijyb but do no damage. Ijyb hits you with a +5 club.
* * * LOW HITPOINT WARNING * * *
Unknown command.
You hit Ijyb but do no damage. Ijyb misses you.
You are feeling hungry.
You hit Ijyb but do no damage. Ijyb hits you with a +5 club.
* * * LOW HITPOINT WARNING * * *
Unknown command.
You closely miss Ijyb.
Ijyb zaps a wand.
The bolt of acid hits you!!
You die...

#################.
#..................#.
#..................#. .
#........).........#.
..#..................#.
.'..................#.
#......^.)....######.
#..g...[......##...##
##..@...###...##.....
#......# #...##.....
#........#..........
#........#..........
.'........#........##
.#........#...##...##
..#........#...##...##
#....#...## #... #...##


You could see Ijyb.

Vanquished Creatures
  Sigmund (D:4)
  A bullfrog (D:3)
  A vampire bat (D:4)
  An orc priest (D:4)
  2 centaur skeletons (D:4)
  A worker ant (D:4)
  Robin (D:3)
  8 gnolls
  4 adders
  2 oozes (D:1)
  An adder skeleton (D:4)
  2 worms
  3 dart slugs
  3 fire bats (D:4)
  3 leopard geckos (D:4)
  5 orcs
  2 spectral bats (D:4)
  3 bat skeletons (D:4)
  A bat zombie (D:4)
  6 giant cockroaches
  11 goblins
  13 hobgoblins
  6 jackals
  8 kobolds
  6 quokkas
  A ball python skeleton (D:4)
  13 bats
  A bat simulacrum (D:4)
  3 frilled lizards
  A jackal skeleton (D:4)
  4 rats
118 creatures vanquished.

Notes
Turn   | Place    | Note
-------+----------+-------------------------------------------
     0 | D:1      | AmazingTV the Demonspawn Berserker began the quest for the
                  | Orb.
     0 | D:1      | Reached XP level 1. HP: 18/18 MP: 1/1
    46 | D:1      | Gained mutation: When hurt, damage is shared between your
                  | health and your magic reserves. [demonic ancestry]
    46 | D:1      | Reached XP level 2. HP: 23/24 MP: 2/2
   502 | D:1      | Gained mutation: You have a pair of small antennae on your
                  | head. [demonic ancestry]
   502 | D:1      | Reached XP level 3. HP: 9/29 MP: 0/3
   781 | D:2      | Found a faded altar of an unknown god.
   915 | D:2      | Reached ** piety under Trog
   944 | D:2      | Found a snail-covered altar of Cheibriados.
  1206 | D:2      | Gained mutation: Your movements are slightly less
                  | encumbered by armour. (ER -2) [demonic ancestry]
  1206 | D:2      | Reached XP level 4. HP: 23/37 MP: 2/4
  1271 | D:2      | Reached skill level 1 in Stealth
  1772 | D:3      | Noticed Robin
  1777 | D:3      | Killed Robin
  1777 | D:3      | Reached XP level 5. HP: 42/42 MP: 5/5
  2066 | D:3      | Found a runed translucent door.
  2067 | D:3      | Noticed catcat's ghost (amateur HOFi)
  2588 | D:3      | Gained mutation: You are slightly more attuned to the
                  | shadows. [demonic ancestry]
  2588 | D:3      | Reached XP level 6. HP: 40/48 MP: 4/6
  2589 | D:3      | Found a runed translucent door.
  2618 | D:4      | Noticed Sigmund
  2625 | D:4      | Reached skill level 1 in Polearms
  2683 | D:4      | Killed Sigmund
  2683 | D:4      | Reached skill level 1 in Short Blades
  2859 | D:4      | Gained mutation: You regenerate magic rapidly. [demonic
                  | ancestry]
  2859 | D:4      | Reached XP level 7. HP: 38/55 MP: 4/7
  2882 | D:4      | Reached *** piety under Trog
  3106 | D:4      | Found a glowing drain.
  3127 | D:4      | Found a staircase to the Ecumenical Temple.
  3193 | D:4      | Noticed Ijyb
  3244 | D:4      | Killed from afar by Ijyb

Levels and vault maps discovered:
D:1:      erik_arrival_gehennom, layout_rooms, serial_bayou_ford_a
D:2:      layout_basic, nicolae_overflow_crystal_walls,
          chequers_ecumenical_altar_simple_redux
D:3:      layout_loops_corners, first_ration, ebering_ghost_sewer_f, uniq_robin
D:4:      layout_gridville, temple_green, portal_sewer_entry_c, goddamned_bats,
          uniq_ijyb, uniq_sigmund

Skill      XL: |  1  2  3  4  5  6  7 |
---------------+----------------------+-----
Axes           | 3 4 |  4.5
Dodging        | 2 3 |  3.1
Fighting       | 4 |  4.5
Stealth        | 1 2 |  2.8
Armour         | 2 |  2.9
Polearms       | 1 2 |  2.0
Short Blades   | 1 |  1.5

Action                   |  1- 3 |  4- 6 |  7- 9 || total
-------------------------+-------+-------+-------++-------
Melee: Hand axe          |   128 |   135 |    62 ||   325
       Short sword       |       |    63 |    40 ||   103
       Trident           |       |    13 |       ||    13
       Scythe            |       |    26 |       ||    26
Invok: Trog's Hand       |     2 |     6 |     2 ||    10
       Berserk           |       |     3 |       ||     3
  Use: Scroll            |       |     2 |       ||     2
 Stab: Sleeping          |     1 |     6 |     2 ||     9
       Distracted        |       |     1 |       ||     1
  Eat: Chunk             |     2 |     7 |     2 ||    11
       Ration            |       |     1 |       ||     1
Armor: Animal skin       |    28 |     6 |       ||    34
       Ring mail         |       |    85 |    40 ||   125
Dodge: Dodged            |   107 |   200 |   111 ||   418
